 Dungeon Crawl Stone Soup version 0.24.0-123-gd5b16e6ec5 (webtiles) character file.

Game seed: 16798121840703316781, levelgen mode: deterministic

326901 night the Lord of Darkness (level 20, -17/165 HPs)
             Began as a Vampire Assassin on Jan 31, 2020.
             Was the Champion of Kikubaaqudgha.
             Killed from afar by a fire giant (40 damage)
             ... with a fireball
             ... on level 1 of the Depths.
             The game lasted 03:51:54 (45318 turns).

night the Lord of Darkness (Vampire Assassin)      Turns: 45318, Time: 03:51:55

Health: -17/165    AC: 27    Str: 12    XL:     20   Next: 77%
Magic:  32/35      EV: 18    Int: 20    God:    Kikubaaqudgha [******]
Gold:   2802       SH:  0    Dex: 16    Spells: 3/41 levels left

rFire    . . .     SeeInvis +   a - +7 pair of quick blades "Gyre" and "Gimble" {protect}
rCold    . . .     Gourm    .   (shield currently unavailable)
rNeg     . . .     Faith    .   D - +7 ring mail of the Princeling {rCorr}
rPois    .         Spirit   .   L - +0 helmet
rElec    .         Reflect  .   c - +0 cloak
rCorr    +         Harm     .   g - +2 pair of gloves "Keikkiepn" {+Inv}
MR       ++...                  J - +2 pair of boots
Stlth    ++++++....             p - amulet of rage
HPRegen  0.57/turn              u - ring of wizardry
MPRegen  0.24/turn              C - +6 ring of protection

@: lethally poisoned (-17 -> -17), very slightly contaminated, regenerating
quickly, hasted, very quick
A: no food, fangs 3, see invisible, unbreathing
}: 2/15 runes: decaying, gossamer
a: Exsanguinate, Receive Corpses, Torment, Renounce Religion, Evoke Berserk
Rage, Evoke Invisibility


You were on level 1 of the Depths.
You worshipped Kikubaaqudgha.
Kikubaaqudgha was exalted by your worship.
You were alive.

You visited 8 branches of the dungeon, and saw 37 of its levels.

You collected 3923 gold pieces.
You spent 1121 gold pieces at shops.

Inventory:

Hand Weapons
 a - the +7 pair of quick blades "Gyre" and "Gimble" (weapon) {protect}
   (You found it on level 4 of the Dungeon)

   It grants its wielder temporary protection when it strikes (+7 to AC).
 A - a +2 antimagic dagger
Missiles
 d - 126 poisoned darts
 j - 12 atropa-tipped darts
 k - 148 sling bullets
 m - 15 boomerangs (quivered)
 G - 14 javelins
 V - 2 throwing nets
 Y - 15 curare-tipped darts
Armour
 c - a +0 cloak (worn)
 g - the +2 pair of gloves "Keikkiepn" (worn) {+Inv}
   (You found it on level 5 of the Dungeon)

   It lets you turn invisible.
 D - the +7 ring mail of the Princeling (worn) {rCorr}
   (You found it on level 2 of the Lair of Beasts)

   It provides partial protection from all sources of acid and corrosion.
 J - a +2 pair of boots (worn)
 L - a +0 helmet (worn)
Jewellery
 h - the ring of Reoroevoly {Ice rN+ SInv}
   (You found it on level 13 of the Dungeon)

   [ring of ice]

   It enhances your ice magic.
   It makes you vulnerable to fire.
   It protects you from cold.
   It protects you from negative energy.
   It lets you see invisible.
 i - a +5 ring of strength
 p - an amulet of rage (around neck)
 u - a ring of wizardry (left hand)
 v - an uncursed ring of stealth
 w - the ring "Pyqinuh" {rPois Str+4}
   (You bought it in a shop on level 2 of the Orcish Mines)

   [ring of poison resistance]

   It affects your strength (+4).
   It protects you from poison.
 x - an uncursed ring of positive energy
 C - a +6 ring of protection (right hand)
 F - an uncursed ring of protection from magic
 N - an uncursed ring of magical power
 R - an uncursed amulet of the acrobat
 Z - a +4 ring of intelligence
Wands
 b - a wand of digging (7)
 e - a wand of iceblast (9)
 s - a wand of acid (14)
 I - a wand of polymorph (47)
 Q - a wand of enslavement (27)
 S - a wand of paralysis (16)
 U - a wand of scattershot (14)
 X - a wand of clouds (4)
Scrolls
 q - 5 scrolls of magic mapping
 r - 21 scrolls of remove curse
 t - 8 scrolls of teleportation
 y - 3 scrolls of fear
 M - 5 scrolls of fog
 O - 12 scrolls of identify
 W - 2 scrolls of blinking
Potions
 f - 4 potions of might
 l - a potion of heal wounds
 n - 5 potions of brilliance
 o - 15 potions of curing
 z - 7 potions of agility
 B - 4 potions of resistance
 E - 7 potions of invisibility
 H - 2 potions of magic
 K - 5 potions of haste
 P - 2 potions of lignification
 T - 5 potions of flight


   Skills:
 - Level 16.2 Fighting
 - Level 8.0 Short Blades
 - Level 6.2 Throwing
 - Level 4.4 Armour
 - Level 11.7 Dodging
 - Level 16.7 Stealth
 - Level 11.3 Spellcasting
 + Level 13.4 Conjurations
 - Level 17.4 Necromancy
 - Level 10.2 Evocations


You had 3 spell levels left.
You knew the following spells:

 Your Spells              Type           Power        Failure   Level  Hunger
a - Animate Dead          Necr           N/A          1%          4    N/A
b - Dispel Undead         Necr           ######..     1%          5    N/A
c - Dazzling Spray        Conj/Hex       #####.       1%          3    N/A
d - Borgnjor's Vile Clut  Necr/Erth      #####.....   4%          5    N/A
e - Death Channel         Necr           ######....   1%          6    N/A
f - Infestation           Necr           ######....   26%         8    N/A
g - Orb of Destruction    Conj           ######....   17%         7    N/A

Your spell library contained the following spells:

 Spells                   Type           Power        Failure   Level  Hunger
 Pain                     Necr           ####         0%          1    N/A
 Corpse Rot               Necr           N/A          0%          2    N/A
 Sublimation of Blood     Necr           ######....   0%          2    N/A
 Magic Dart               Conj           ####         1%          1    N/A
 Shock                    Conj/Air       ####         1%          1    N/A
 Sting                    Conj/Pois      ####         1%          1    N/A
 Searing Ray              Conj           ######       1%          2    N/A
 Static Discharge         Conj/Air       #####...     1%          3    N/A
 Vampiric Draining        Necr           ######....   1%          3    N/A
 Mephitic Cloud           Conj/Pois/Air  ####....     2%          3    N/A
 Apportation              Tloc           ##....       5%          1    N/A
 Summon Butterflies       Summ           ##......     5%          1    N/A
 Summon Small Mammal      Summ           ##..         5%          1    N/A
 Call Imp                 Summ           ##......     8%          2    N/A
 Ensorcelled Hibernation  Hex/Ice        ##....       8%          2    N/A
 Poisonous Vapours        Pois/Air       ##....       8%          2    N/A
 Swiftness                Chrm/Air       ##......     8%          2    N/A
 Call Canine Familiar     Summ           ##......     16%         3    N/A
 Ignite Poison            Fire/Tmut/Pois ##......     16%         3    N/A
 Lesser Beckoning         Tloc           ##........   16%         3    N/A
 Summon Guardian Golem    Hex/Summ       ##......     16%         3    N/A
 Tukima's Dance           Hex            ##......     16%         3    N/A
 Iskenderun's Mystic Bla  Conj           ######..     1%          4    N/A
 Force Lance              Conj/Tloc      #####...     3%          4    N/A
 Fulminant Prism          Conj/Hex       #####.....   3%          4    N/A
 Irradiate                Conj/Tmut      #####.....   9%          5    N/A
 Iskenderun's Battlesphe  Conj/Chrm      #####...     9%          5    N/A
 Lightning Bolt           Conj/Air       #####.....   9%          5    N/A
 Venom Bolt               Conj/Pois      #####.....   9%          5    N/A
 Bolt of Magma            Conj/Fire/Erth ####......   22%         5    N/A
 Simulacrum               Ice/Necr       #####.....   22%         6    N/A
 Airstrike                Air            ##........   43%         4    N/A
 Cause Fear               Hex            ##........   43%         4    N/A
 Petrify                  Tmut/Erth      ##......     43%         4    N/A
 Summon Ice Beast         Ice/Summ       ##......     43%         4    N/A
 Summon Lightning Spire   Summ/Air       ##......     43%         4    N/A
 Iron Shot                Conj/Erth      #####.....   43%         6    N/A
 Haunt                    Necr/Summ      #####.....   73%         7    N/A
 Alistair's Intoxication  Tmut/Pois      ##......     77%         5    N/A
 Silence                  Hex/Air        ##........   77%         5    N/A
 Summon Mana Viper        Hex/Summ       ##......     77%         5    N/A
 Yara's Violent Unravell  Hex/Tmut       ##........   77%         5    N/A
 Spellforged Servitor     Conj/Summ      #####.....   93%         7    N/A
 Darkness                 Hex            ##........   99%         6    N/A
 Deflect Missiles         Chrm/Air       ##........   99%         6    N/A
 Invisibility             Hex            ##......     99%         6    N/A
 Shadow Creatures         Summ           N/A          99%         6    N/A
 Summon Hydra             Summ           ##........   100%        7    N/A
 Discord                  Hex            ##........   100%        8    N/A
 Borgnjor's Revivificati  Necr           Unusable     N/A         8    N/A
 Death's Door             Chrm/Necr      Unusable     N/A         8    N/A
 Necromutation            Tmut/Necr      Unusable     N/A         8    N/A

Dungeon Overview and Level Annotations

Branches:
Dungeon (15/15)            Temple (0/1) D:7            Lair (6/6) D:10
  Swamp (4/4) Lair:3       Spider (4/4) Lair:4        Slime (1/5) Lair:5
    Orc (2/2) D:9             Elf (0/3) Orc:2        Vaults (4/5) D:14
  Crypt (0/3) Vaults:3     Depths (1/5) D:15

Altars:
Ashenzari
Cheibriados
Elyvilon
Fedhas
Gozag
Hepliaklqana
Kikubaaqudgha
Makhleb
Qazlal
Ru
Sif Muna
Trog
Uskayaw
Vehumet
Wu Jian
Xom
Yredelemnul
The Shining One
Beogh
Jiyva

Shops:
D:10 ?   D:11 [   D:12 [   D:15 %   Orc:2 =*:=   Vaults:2 [   Vaults:4 %

Portals:
Ziggurat: Depths:1

Annotations:
D:5 2 runed translucent doors
D:6 2 transporters, trianova's ghost, novice NaIE
D:9 exclusion: oklob plant
D:10 2 runed translucent doors
Lair:2 exclusion: electric eel


Innate Abilities, Weirdness & Mutations

You do not eat.
Your natural rate of healing is unusually fast.
You have razor-sharp teeth.
You have supernaturally acute eyesight. (SInv)
You can survive without breathing.


Message History

As you read the scroll of teleportation, it crumbles to dust.
You feel strangely unstable.
You feel sick.
You open the door.
Found a paperback book.
There is an open door here.
You feel sick.
Found a stone staircase leading down.
Your surroundings suddenly seem different.
A deep troll comes into view.
The deep troll moves out of view.
You feel sick.
As you read the scroll of teleportation, it crumbles to dust.
You feel strangely unstable.
The angel shouts!
You hear a shout!
You feel sick.
Your surroundings suddenly seem different.
The fire giant gestures at you while chanting.
The fireball explodes!
The fireball engulfs you!!!
You die...
Kikubaaqudgha rasps: "You have failed me!
Welcome... death!"

####(##########..#
#..(((..........#
#............#
#####..........?.####.
#..........C.....#....
#.###............'....
#.##.........)...#.###
#.#..#...........#.#
#.#
#...###.........@#.#
#.#
#..##A##.........#.#
#.#
#.##.AA##........#.#
#.#
#..##.##..)####'##.#
#.# #+##+#
##..###....# #.##.#
##.###.##.>
##..#....##
#.##.###......##.#
##......#
#(.........##.##.#
##.....#
#####.##.#.##.##.##
####..##
#.##.#.........


You could see a fire giant.

Vanquished Creatures
  Boris (thrice) (Vaults:2 Vaults:3 Depths:1)
  the Lernaean hydra (Swamp:4)
  A golden dragon (Vaults:4)
  Asterion (Spider:4)
  A titan (Vaults:4)
  A storm dragon (Vaults:4)
  A thorn hunter (Swamp:2)
  3 shadow dragons (Vaults:4)
  10 vault wardens
  2 fire giants (Vaults:4)
  A frost giant (Vaults:4)
  A ghost moth (Spider:4)
  An iron dragon (Vaults:4)
  A ghoul (Vaults:3)
  9 ironheart preservers
  An emperor scorpion (Spider:4)
  4 very ugly things
  4 stone giants
  A war gargoyle (Vaults:4)
  A deep elf demonologist (Vaults:2)
  Nessos (Lair:4)
  A deep elf annihilator (Vaults:4)
  7 entropy weavers
  Azrael (Spider:1)
  A black draconian (Vaults:4)
  2 spark wasps
  4 ettins
  A fire dragon (Vaults:2)
  4 great orbs of eyes
  6 ogre magi
  The ghost of zak163 the Severer, a journeyman MiBe of Trog (Orc:2)
  4 ice dragons
  10 yaktaur captains
  A rakshasa (Vaults:1)
  22 hydras
  17 vault guards
  8 centaur warriors
  2 shambling mangroves (Swamp:2)
  4 catoblepae
  A dancing weapon (Vaults:4)
  7 alligators
  2 death knights
  An anaconda (Lair:6)
  A ghost crab (Swamp:4)
  A queen ant (Spider:4)
  2 tengu warriors (D:15)
  2 deep troll earth magi
  7 death yaks (Lair:6)
  24 two-headed ogres
  A vampire mage (Vaults:3)
  2 deep elf knights
  Nergalle (D:10)
  A shadow wraith (Vaults:1)
  4 skeletal warriors
  An unseen horror (shapeshifter) (Depths:1)
  3 unseen horrors
  11 swamp dragons
  2 flayed ghosts
  5 wizards
  Pikel (D:6)
  5 deep trolls
  14 ironbrand convokers
  2 phantasmal warriors
  A deep elf archer (Vaults:4)
  6 necromancers
  12 orc knights
  2 stone giant zombies
  6 orb spiders
  7 orc sorcerers
  6 harpies
  A frost giant zombie (Vaults:2)
  25 wolf spiders
  34 ugly things
  5 deep elf magi
  11 cyclopes
  6 manticores
  A tengu skeleton (Vaults:4)
  4 centaur zombies
  6 vault sentinels
  14 spiny frogs
  A frost giant skeleton (Vaults:2)
  Maurice (D:9)
  A black mamba (Lair:5)
  A fire giant skeleton (Vaults:2)
  5 torpor snails
  A kobold demonologist (D:13)
  A spiny frog (shapeshifter) (Vaults:1)
  5 centaur skeletons
  15 demonic crawlers
  A komodo dragon (shapeshifter) (Vaults:2)
  6 komodo dragons
  15 yaktaurs
  5 freezing wraiths
  4 rime drakes
  A tengu simulacrum (Vaults:2)
  14 trolls
  18 jumping spiders
  A queen bee (Lair:1)
  A troll (shapeshifter) (D:13)
  A meliai (shapeshifter) (D:13)
  23 blink frogs
  14 tyrant leeches
  A polar bear (Lair:5)
  14 slime creatures
  4 bog bodies
  6 dream sheep (Lair:6)
  12 hornets
  15 hippogriffs
  2 spriggans
  2 water elementals (Depths:1)
  An ettin skeleton (Vaults:1)
  A tarantella (shapeshifter) (Vaults:1)
  3 wyverns
  7 wraiths
  63 redbacks
  94 yaks
  14 tarantellas
  A shadow (Swamp:2)
  A fire elemental (Spider:1)
  3 basilisks
  2 hungry ghosts
  2 steam dragons
  9 humans (D:14)
  A basilisk (shapeshifter) (Vaults:1)
  18 vampire mosquitoes
  Menkaure (D:4)
  6 swamp worms
  3 wargs
  12 water moccasins
  9 insubstantial wisps
  2 acid dragons
  9 soldier ants (Spider:4)
  4 hell hounds (Spider:1)
  8 porcupines
  3 black bears
  5 ice beasts
  30 orc warriors
  11 sky beasts
  A swamp drake (shapeshifter) (Depths:1)
  An eye of draining (D:12)
  A hornet zombie (D:15)
  11 swamp drakes
  29 ogres
  A slave (D:6)
  2 necrophages
  3 phantoms
  3 wolves (Lair:3)
  12 centaurs
  5 boggarts
  4 crocodiles
  An elf zombie (D:14)
  2 big kobolds
  15 bullfrogs
  A wyvern zombie (D:12)
  3 scorpions
  A wyvern skeleton (D:14)
  2 troll zombies (D:14)
  24 killer bees
  8 wights
  8 electric eels
  5 howler monkeys
  6 crimson imps
  4 human zombies
  3 bullfrog zombies
  7 bullfrog skeletons
  A gnoll shaman (D:9)
  24 orc priests
  A hound (D:7)
  4 jellies
  23 orc wizards
  3 human skeletons
  5 iguanas
  18 worker ants
  3 mummies (D:14)
  A worker ant zombie (D:11)
  4 gnolls
  A howler monkey zombie (D:11)
  12 adders
  A howler monkey skeleton (D:5)
  3 shadow imps
  A white imp (Vaults:2)
  An ooze (D:7)
  An adder zombie (D:5)
  2 adder skeletons
  5 worms
  4 dart slugs
  7 leopard geckos
  89 orcs
  5 bats
  4 giant cockroaches
  11 goblins
  12 hobgoblins
  2 jackals (D:2)
  2 quokkas
  2 ball pythons
  4 frilled lizards
  A jackal skeleton (D:5)
  15 kobolds
  An orc skeleton (D:14)
  7 rats
  A crawling corpse (Vaults:2)
1351 creatures vanquished.

Vanquished Creatures (collateral kills)
  Arachne (Spider:2)
  A quicksilver dragon (Vaults:4)
  A sphinx (Vaults:1)
  Aizul (Spider:1)
  2 vault wardens (Vaults:3)
  5 emperor scorpions (Spider:4)
  6 ironheart preservers
  A stone giant (Vaults:4)
  A vampire knight (Vaults:4)
  A very ugly thing (Vaults:4)
  A deep elf demonologist (Vaults:4)
  An entropy weaver (Vaults:2)
  2 spark wasps
  A deep elf death mage (Vaults:2)
  An ettin (Vaults:4)
  6 ogre magi
  2 yaktaur captains
  A rakshasa (Depths:1)
  3 great orbs of eyes
  2 hydras (Swamp:4)
  4 vault guards
  A ghost crab (Swamp:4)
  A centaur warrior (Vaults:2)
  An ice dragon (Vaults:2)
  2 death knights
  2 shambling mangroves
  An alligator (Swamp:3)
  4 death yaks (Lair:6)
  A deep troll shaman (Vaults:4)
  4 two-headed ogres
  A deep elf knight (Vaults:2)
  4 skeletal warriors
  2 hell knights
  2 swamp dragons (Swamp:4)
  2 deep trolls (Vaults:4)
  2 ironbrand convokers
  2 deep elf archers (Vaults:2)
  3 phantasmal warriors
  2 orc knights
  An orb spider (shapeshifter) (Vaults:4)
  2 harpies (Vaults:2)
  12 wolf spiders
  2 ugly things
  A deep elf mage (Vaults:2)
  10 orb spiders
  4 cyclopes
  2 moths of wrath (Spider:4)
  3 vault sentinels
  2 torpor snails
  A spiny frog (Lair:4)
  A komodo dragon (Lair:6)
  An efreet (D:14)
  3 freezing wraiths
  4 demonic crawlers
  4 yaktaurs
  2 trolls (Vaults:2)
  16 jumping spiders
  A slime creature (D:12)
  A tyrant leech (Swamp:2)
  8 hornets
  A blink frog (Lair:5)
  A yak (Lair:4)
  A wyvern (D:11)
  39 redbacks
  A shadow (Swamp:4)
  12 tarantellas
  2 spriggans
  A human (D:14)
  A vampire mosquito (Swamp:4)
  An insubstantial wisp (D:15)
  A swamp worm (Swamp:2)
  A soldier ant (Spider:4)
  A water moccasin (D:12)
  4 orc warriors
  A porcupine (Lair:5)
  2 swamp drakes (Swamp:4)
  An ice beast (Vaults:2)
  9 ogres
  3 boggarts
  5 centaurs
  An orc priest (Orc:2)
  3 orc wizards
  5 worker ants (Spider:4)
  5 orcs
  A kobold (D:11)
  A crawling corpse (Vaults:2)
  A fungus (Lair:5)
267 creatures vanquished.

Vanquished Creatures (others)
  An alligator (Swamp:3)
  2 deep trolls (Vaults:2)
  An ugly thing (D:12)
  A fire elemental (Spider:1)
  An orc (Vaults:4)
  A bush (Lair:3)
  2 plants (Lair:3)
9 creatures vanquished.

Grand Total: 1627 creatures vanquished

Notes
Turn   | Place    | Note
-------+----------+-------------------------------------------
     0 | D:1      | night the Vampire Assassin began the quest for the Orb.
     0 | D:1      | Reached XP level 1. HP: 16/16 MP: 1/1
   118 | D:1      | Reached XP level 2. HP: 22/22 MP: 2/2
   301 | D:1      | Reached XP level 3. HP: 27/27 MP: 3/3
  1209 | D:2      | Reached XP level 4. HP: 27/33 MP: 4/4
  1696 | D:2      | Found a glowing golden altar of the Shining One.
  2609 | D:3      | Reached XP level 5. HP: 38/38 MP: 5/5
  2897 | D:4      | Found a transporter.
  2906 | D:4      | Found a basalt altar of Yredelemnul.
  2910 | D:4      | Noticed Menkaure
  2917 | D:4      | Found the +7 pair of quick blades "Gyre" and "Gimble"
                  | {protect}
  2917 | D:4      | Found an ancient bone altar of Kikubaaqudgha.
  2920 | D:4      | Found a transporter.
  3632 | D:5      | Entered Level 5 of the Dungeon
  3810 | D:5      | Reached XP level 6. HP: 46/46 MP: 6/6
  4224 | D:5      | Reached XP level 7. HP: 23/53 MP: 7/7
  4396 | D:5      | Reached skill level 10 in Stealth
  4484 | D:5      | Found a hazy altar of Hepliaklqana.
  4485 | D:5      | Reached skill level 5 in Short Blades
  4493 | D:5      | Found a shimmering blue altar of Sif Muna.
  4494 | D:5      | Found a bloodstained altar of Trog.
  4494 | D:5      | Found a hide-covered altar of Uskayaw.
  4499 | D:5      | Found a snail-covered altar of Cheibriados.
  4639 | D:4      | Became a worshipper of Kikubaaqudgha
  4953 | D:5      | Found a large runed translucent door.
  4955 | D:5      | Found a large runed translucent door.
  4974 | D:5      | Found a large runed translucent door.
  4974 | D:5      | Found a large runed translucent door.
  5239 | D:6      | Found a transporter.
  5242 | D:6      | Found a transporter.
  5242 | D:6      | Noticed trianova's ghost (novice NaIE)
  5390 | D:6      | Found a shimmering altar of Xom.
  5390 | D:6      | Found a burning altar of Makhleb.
  5428 | D:6      | Found an ornate altar of the Wu Jian Council.
  5490 | D:6      | Noticed Pikel
  5522 | D:6      | Killed Pikel
  5522 | D:6      | Reached skill level 5 in Fighting
  5522 | D:6      | Reached XP level 8. HP: 56/62 MP: 8/8
  5585 | D:6      | Found a snail-covered altar of Cheibriados.
  5897 | D:7      | Found a staircase to the Ecumenical Temple.
  5924 | D:7      | Noticed a hippogriff
  5939 | D:7      | Killed a hippogriff
  6030 | D:7      | Reached * piety under Kikubaaqudgha
  6030 | D:7      | Identified Kikubaaqudgha's Catalogue of Black Rites
                  | (Kikubaaqudgha gifted it to you on level 7 of the Dungeon)
  6030 | D:7      | Received a gift from Kikubaaqudgha
  6236 | D:7      | Got a jewelled plate armour
  6246 | D:7      | Identified the cursed +1 plate armour of the Game of Kings
                  | {rC+ Str+3} (You found it on level 7 of the Dungeon)
  6478 | D:7      | Reached XP level 9. HP: 69/69 MP: 9/9
  6977 | D:8      | Noticed a troll
  6998 | D:8      | Reached ** piety under Kikubaaqudgha
  7032 | D:7      | Killed a troll
  7233 | D:8      | Found a white marble altar of Elyvilon.
  7496 | D:9      | Found a staircase to the Orcish Mines.
  7553 | D:9      | Found a blossoming altar of Fedhas.
  7563 | D:9      | Noticed an oklob plant
  7697 | D:9      | Reached XP level 10. HP: 78/79 MP: 10/10
  7815 | D:9      | Noticed Maurice
  7838 | D:9      | Killed Maurice
  8002 | D:9      | Reached *** piety under Kikubaaqudgha
  8002 | D:9      | Identified Kikubaaqudgha's Incunabulum of Darkness
                  | (Kikubaaqudgha gifted it to you on level 9 of the Dungeon)
  8002 | D:9      | Received a gift from Kikubaaqudgha
  8694 | D:10     | Entered Level 10 of the Dungeon
  8697 | D:10     | Noticed Nergalle
  8704 | D:10     | Killed Nergalle
  8704 | D:10     | Reached skill level 5 in Dodging
  8704 | D:10     | Reached skill level 15 in Stealth
  8709 | D:10     | Found a staircase to the Lair.
  8743 | D:10     | Found Ucsav's Magic Scroll Shop.
  8749 | D:10     | Bought 3 scrolls of blinking for 337 gold pieces
  8862 | D:10     | Noticed Sonja
  8875 | D:10     | Noticed Sonja
  8875 | D:10     | Sonja changed into Sonja the water moccasin
  8879 | D:10     | Killed Sonja the water moccasin
  8880 | D:10     | Noticed an eight-headed hydra
  8900 | D:10     | Killed an eight-headed hydra
  8900 | D:10     | Reached XP level 11. HP: 87/87 MP: 11/11
  8945 | D:10     | Noticed a deep elf knight
  8972 | D:10     | Killed a deep elf knight
  9184 | D:10     | Reached skill level 5 in Throwing
  9224 | D:10     | Noticed a deep troll earth mage
  9248 | D:10     | Killed a deep troll earth mage
  9261 | D:10     | Found a large runed translucent door.
  9262 | D:10     | Found a large runed translucent door.
  9306 | D:10     | Found a shimmering blue altar of Sif Muna.
  9309 | D:10     | Found a radiant altar of Vehumet.
  9499 | Lair:1   | Entered Level 1 of the Lair of Beasts
  9577 | Lair:1   | Reached **** piety under Kikubaaqudgha
 10638 | Lair:1   | Learned a level 4 spell: Animate Dead
 10833 | Lair:2   | Reached skill level 1 in Necromancy
 10849 | Lair:2   | Reached XP level 12. HP: 84/97 MP: 12/12
 10899 | Lair:2   | Reached skill level 2 in Necromancy
 11072 | Lair:2   | Reached skill level 3 in Necromancy
 11110 | Lair:2   | Reached skill level 10 in Fighting
 11128 | Lair:2   | Reached skill level 4 in Necromancy
 11211 | Lair:2   | Got a heavily runed ring mail
 11221 | Lair:2   | Identified the +7 ring mail of the Princeling {rCorr} (You
                  | found it on level 2 of the Lair of Beasts)
 11630 | Lair:3   | Reached skill level 5 in Necromancy
 11821 | Lair:3   | Reached ***** piety under Kikubaaqudgha
 11887 | Lair:3   | Found a staircase to the Swamp.
 12204 | Lair:4   | Reached skill level 6 in Necromancy
 12454 | Lair:4   | Found a gate leading to a gauntlet.
 12593 | Lair:4   | Reached skill level 7 in Necromancy
 12698 | Lair:4   | Found a hole to the Spider Nest.
 12782 | Lair:4   | Noticed Nessos
 12792 | Lair:4   | Killed Nessos
 12882 | Lair:4   | Identified a scroll of acquirement
 13455 | Lair:5   | Noticed a four-headed hydra
 13462 | Lair:5   | Killed a four-headed hydra
 13462 | Lair:5   | Reached skill level 8 in Necromancy
 13478 | Lair:5   | Noticed a six-headed hydra
 13485 | Lair:5   | Killed a six-headed hydra
 13584 | Lair:5   | Reached XP level 13. HP: 105/105 MP: 13/13
 13591 | Lair:5   | Reached skill level 10 in Dodging
 13679 | Lair:5   | Got a bloodstained dagger
 13679 | Lair:5   | Identified the +4 dagger of Ruination {chaos, MR++} (You
                  | found it on level 5 of the Lair of Beasts)
 13854 | Lair:5   | Reached skill level 9 in Necromancy
 13930 | Lair:5   | Found a viscous altar of Jiyva.
 13931 | Lair:5   | Found a staircase to the Slime Pits.
 14168 | Lair:6   | Entered Level 6 of the Lair of Beasts
 14247 | Lair:6   | Reached skill level 10 in Necromancy
 14735 | Lair:6   | Reached skill level 11 in Necromancy
 14847 | Lair:6   | Reached ****** piety under Kikubaaqudgha
 15279 | Lair:6   | Reached XP level 14. HP: 95/114 MP: 14/14
 15444 | Lair:6   | Reached skill level 12 in Necromancy
 16039 | Swamp:1  | Entered Level 1 of the Swamp
 16103 | Slime:1  | Entered Level 1 of the Pits of Slime
 16111 | Slime:1  | Noticed an acid blob
 16163 | Spider:1 | Entered Level 1 of the Spider Nest
 16262 | D:11     | Learned a level 5 spell: Dispel Undead
 16266 | D:11     | Learned a level 3 spell: Dazzling Spray
 16536 | D:11     | Found Suihan's Antique Armour Shoppe.
 16663 | D:11     | Reached skill level 1 in Spellcasting
 16738 | D:11     | Reached skill level 1 in Armour
 16756 | D:11     | Reached skill level 1 in Conjurations
 17419 | D:12     | Found a stormy altar of Qazlal.
 17946 | D:12     | Found Pegg's Armour Shop.
 18042 | D:12     | Learned a level 5 spell: Borgnjor's Vile Clutch
 18633 | D:13     | Reached skill level 13 in Necromancy
 18811 | D:13     | Reached XP level 15. HP: 104/122 MP: 14/21
 18829 | D:13     | Found a sacrificial altar of Ru.
 18843 | D:13     | Found a shimmering altar of Xom.
 18845 | D:13     | Found a shattered altar of Ashenzari.
 18845 | D:13     | Found an opulent altar of Gozag.
 19008 | D:13     | You fall into a shaft and drop 1 floor!
 19076 | D:13     | Identified the Collected Works on Destructive Poisoning
 19078 | D:13     | Got a transparent scimitar
 19079 | D:13     | Identified the +4 scimitar "Orb Guardian's Peril" {flame,
                  | MR++} (You found it on level 13 of the Dungeon)
 19282 | D:5      | Got a pair of distressingly furry gloves
 19292 | D:5      | Identified the +2 pair of gloves "Keikkiepn" {+Inv} (You
                  | found it on level 5 of the Dungeon)
 19430 | D:4      | Killed Menkaure
 19829 | D:13     | Received a gift from Kikubaaqudgha
 19858 | D:13     | Got a vibrating lead ring
 19860 | D:13     | Identified the ring of Reoroevoly {Ice rN+ SInv} (You found
                  | it on level 13 of the Dungeon)
 20080 | D:13     | Found a roughly hewn altar of Beogh.
 20119 | D:14     | Found a stormy altar of Qazlal.
 20232 | D:14     | Found a gate to the Vaults.
 20610 | D:14     | Reached skill level 5 in Spellcasting
 20735 | D:14     | Found a basalt altar of Yredelemnul.
 21011 | D:15     | Entered Level 15 of the Dungeon
 21042 | D:15     | Reached skill level 1 in Evocations
 21417 | D:15     | Found Ypidghugo's Food Shoppe.
 21673 | D:15     | Found a staircase to the Depths.
 21710 | D:15     | Reached skill level 5 in Conjurations
 22509 | Lair:3   | Reached skill level 5 in Evocations
 24472 | Swamp:2  | Noticed a thorn hunter
 24502 | Swamp:2  | Killed a thorn hunter
 24759 | Swamp:2  | Reached XP level 16. HP: 80/129 MP: 23/23
 26309 | Swamp:4  | Entered Level 4 of the Swamp
 26655 | Swamp:4  | Noticed the 27-headed Lernaean hydra
 26720 | Swamp:4  | Killed the 27-headed Lernaean hydra
 26867 | Swamp:4  | Reached skill level 10 in Evocations
 26926 | Swamp:4  | Got a decaying rune of Zot
 27773 | Orc:1    | Entered Level 1 of the Orcish Mines
 28257 | Orc:2    | Entered Level 2 of the Orcish Mines
 28271 | Orc:2    | Found a runed translucent door.
 28646 | Orc:2    | Found a staircase to the Elven Halls.
 28925 | Orc:2    | Found Rulourchui's Jewellery Emporium.
 29122 | Orc:2    | Found Jics's General Store.
 29123 | Orc:2    | Found Ezoepubo's Jewellery Boutique.
 29125 | Orc:2    | Bought an uncursed ring of wizardry for 360 gold pieces
 29138 | Orc:2    | Found Woehepn's Book Shoppe.
 29534 | Orc:2    | Noticed zak163's ghost (journeyman MiBe)
 29565 | Orc:2    | Killed zak163's ghost
 29762 | Orc:2    | Bought the ring "Pyqinuh" {rPois Str+4} for 424 gold pieces
 29898 | Spider:1 | Noticed Azrael
 29905 | Spider:1 | Reached XP level 17. HP: 132/137 MP: 23/26
 29950 | Spider:1 | Killed Azrael
 30353 | Spider:1 | Learned a level 6 spell: Death Channel
 30374 | Spider:1 | Noticed Aizul
 30394 | Spider:1 | Killed Aizul
 30994 | Spider:2 | Noticed Arachne
 31007 | Spider:2 | Killed Arachne
 31007 | Spider:2 | Reached skill level 14 in Necromancy
 32101 | Spider:4 | Entered Level 4 of the Spider Nest
 32493 | Spider:4 | Noticed Asterion
 32503 | Spider:4 | Killed Asterion
 32736 | Spider:4 | Reached XP level 18. HP: 74/146 MP: 13/30
 32767 | Spider:4 | Got a gossamer rune of Zot
 33599 | Vaults:1 | Entered Level 1 of the Vaults
 33831 | Vaults:1 | Reached skill level 15 in Necromancy
 34699 | Vaults:1 | Reached skill level 10 in Conjurations
 35862 | Vaults:2 | Reached skill level 15 in Fighting
 35897 | Vaults:2 | Reached skill level 10 in Spellcasting
 35919 | Vaults:2 | Noticed Boris
 35945 | Vaults:2 | Killed Boris
 36017 | Vaults:2 | Reached XP level 19. HP: 152/155 MP: 12/33
 36152 | Vaults:2 | Reached skill level 16 in Necromancy
 37439 | Vaults:2 | Found Siowil's Armour Shop.
 38279 | Vaults:3 | Noticed Boris
 38291 | Vaults:3 | Killed Boris
 38849 | Vaults:3 | Reached skill level 17 in Necromancy
 39447 | Vaults:3 | Found a staircase to the Crypt.
 39584 | Vaults:4 | Learned a level 8 spell: Infestation
 39592 | Vaults:4 | Learned a level 7 spell: Orb of Destruction
 39993 | Vaults:4 | Reached XP level 20. HP: 164/164 MP: 29/34
 41761 | Vaults:4 | Found Qaonoegg's Food Boutique.
 41928 | Vaults:4 | HP: 3/165 [fire giant/fireball (42)]
 43068 | Vaults:4 | Noticed a golden dragon
 43076 | Vaults:4 | Killed a golden dragon
 44074 | Depths:1 | Entered Level 1 of the Depths
 44156 | Depths:1 | Noticed Boris
 44175 | Depths:1 | Killed Boris
 44427 | Depths:1 | Found a gateway to a ziggurat.
 45296 | Depths:1 | HP: 1/165 [stone giant/large rock (38)]
 45318 | Depths:1 | Killed from afar by a fire giant

Levels and vault maps discovered:
D:1:      mainiacjoe_arrival_reflecting_pool, layout_loops_ring
D:2:      layout_loops_corners, nicolae_tso_swordbearing_angel
D:3:      layout_basic, first_ration
D:4:      layout_loops_cross, gammafunk_temple_of_torment
D:5:      layout_basic, minitemple, minmay_hollow_rounded_squares
D:6:      layout_gridville, grunt_temple_overflow_champion_of_chaos,
          lemuel_doored_altar, gammafunk_ghost_arena, cheibrodos_worm_habitat,
          uniq_pikel
D:7:      layout_basic, minmay_temple_entry_slanted
D:8:      layout_cave_pools, kennysheep_mini_moat
D:9:      layout_basic, tgw_fedhas, orc_david_3, the_bakery,
          hangedman_misty_isle, uniq_maurice
D:10:     layout_basic, lair_entry_dummy, serial_shops, shop,
          jmf_multi_god_temple2, uniq_nergalle, uniq_sonja
D:11:     layout_basic, serial_shops, shop, minmay_misc_feat_doors
D:12:     layout_grid_maze, serial_shops, kennysheep_little_box, basic_altar
D:13:     minmay_the_grid_octo_triangle [minmay_the_grid_octo_fat_diamond,
          minmay_the_grid_octo_prize_square_snowflake,
          minmay_the_grid_octo_shrine], layout_rooms, portal_ice_cave_rime,
          david_defended_altar_orc
D:14:     layout_roguey, ximxim_vaults_locker_room, basic_altar,
          lemuel_mausoleum_altar_yredelemnul
D:15:     grunt_enter_depths_magical_seal, layout_stronghold,
          minmay_tree_intersection, serial_shops, shop_statue, pond
Lair:1:   layout_cave_pods, special_room [special_room_bee]
Lair:2:   layout_misc_corridors, grunt_megastairs_5, serial_bayou_shore_a
Lair:3:   layout_loops_ring, minmay_swamp_entry_worms
Lair:4:   layout_regular_city, spider_nest_entry_webs, gauntlet_entry_generic,
          uniq_nessos
Lair:5:   layout_regular_city, slime_altar_1, infiniplex_staircase_pool_2
Lair:6:   evilmike_catoblepas_cave, layout_concentric_octagons,
          grunt_forest_stairs_basic, minmay_shattered_shrine, grunt_megastairs_1
Swamp:1:  layout_basic_swamp, evilmike_swamp_ruin_house_4
Swamp:2:  layout_basic_swamp, nicolae_swamp_treefoil, swamp_pool2,
          st_swamp_ruins_1, infiniplex_staircase_pool
Swamp:3:  layout_falls_marsh, evilmike_swamp_ruin_house_2
Swamp:4:  swamp_old_school, layout_basic_swamp
Spider:1: layout_spider_delve, uniq_aizul, uniq_azrael
Spider:2: layout_spider_delve, nicolae_crawler_farm, uniq_arachne
Spider:3: layout_spider_delve, special_room, drop_trap
Spider:4: grunt_spider_rune_circles, minmay_another_anthill, uniq_asterion
Slime:1:  layout_caves
Orc:1:    layout_caves
Orc:2:    st_orc_open, layout_caves, ebering_ghost_reflecting_pool
Vaults:1: vaults_room_ringed_pool, vaults_mumra_minichess_inversion,
          nicolae_vaults_ring_of_whatevers, dpeg_vaults_pockets_of_resistance,
          nicolae_vaults_angled_halls, grunt_vaults_twisty, v_misc_18, v_misc_1,
          grunt_vaults_hallway_long, v_pattern_5, v_misc_1, vaults_dpeg_doors,
          layout_vaults_big_room
Vaults:2: vaults_standard_mumra_x, vaults_mumra_chevron,
          ontoclasm_vaults_loading_screen, vaults_mumra_lcd, st_lattice,
          v_rooms_4, dpeg_vaults_monster_row, ontoclasm_vaults_idyll,
          vaults_standard_mumra_lines, vaults_room_corners, vaults_room_pools,
          ontoclasm_vaults_idyll, vaults_room_octagon, v_misc_29, serial_ice_h,
          layout_vaults_maze_bifur, serial_shops, nicolae_shop_statue_plus,
          uniq_boris
Vaults:3: v_misc_16, minmay_crypt_entry_simple_round, v_misc_2,
          nicolae_vaults_little_squares_2, grunt_vaults_diagonal,
          nicolae_vaults_asterisk, vaults_mumra_hex,
          nicolae_vaults_angled_halls, nicolae_vaults_mini_display_case,
          layout_vaults_omnigrid
Vaults:4: v_misc_31, v_misc_29, st_greater_box_2,
          nicolae_vaults_diagonal_hallway_8, v_alt_pattern_1, v_misc_4,
          hangedman_vaults_stream, hangedman_vaults_maws, nicolae_vaults_theta,
          nicolae_vaults_little_squares_6, ontoclasm_vaults_decontamination,
          hangedman_vaults_pinch, vaults_room_semicircle,
          vaults_room_large_hall, layout_vaults_omnibox, serial_shops, shop
Depths:1: layout_gridlike, enter_ziggurat_c, nicolae_two_hexagons,
          pf_dread_powers_of_hell, grunt_ministairs_15, minivault_16,
          roderic_serpentine_path, drop_trap, minmay_misc_feat_tower

Skill      XL: |  1  2  3  4  5  6  7  8  9 10 11 12 13 14 15 16 17 18 19 20 |
---------------+-------------------------------------------------------------+-----
Stealth        | 6 7 8 9 11 12 14 15 16 | 16.7
Fighting       | 2 3 5 6 7 8 9 10 11 12 13 14 15 16 | 16.2
Short Blades   | 3 4 6 7 8 |  8.0
Throwing       | 2 4 6 |  6.2
Dodging        | 3 5 8 9 11 | 11.7
Necromancy     | 1 8 11 13 14 15 17 | 17.4
Spellcasting   | 4 5 6 8 10 11 | 11.3
Armour         | 3 4 |  4.4
Conjurations   | 3 5 8 9 10 11 13 | 13.4
Evocations     | 6 10 | 10.2

Action                   |  1- 3 |  4- 6 |  7- 9 | 10-12 | 13-15 | 16-18 | 19-21 || total
-------------------------+-------+-------+-------+-------+-------+-------+-------++-------
Melee: Dagger            |    67 |   163 |     7 |     5 |     1 |       |       ||   243
       Bite              |     2 |    15 |    19 |    84 |   271 |   344 |   226 ||   961
       Pair of quick bla |       |       |   165 |   592 |  1755 |  2179 |  1391 ||  6082
 Fire: Hunting sling     |       |       |       |    11 |       |       |       ||    11
Throw: Dart              |    19 |    52 |    19 |    26 |       |       |       ||   116
       Boomerang         |       |       |       |     7 |    26 |       |       ||    33
 Cast: Animate Dead      |       |       |       |     2 |    35 |    56 |    51 ||   144
       Dazzling Spray    |       |       |       |       |     7 |     1 |       ||     8
       Death Channel     |       |       |       |       |       |    15 |    10 ||    25
       Borgnjor's Vile C |       |       |       |       |       |    17 |    25 ||    42
       Dispel Undead     |       |       |       |       |       |     2 |     8 ||    10
       Infestation       |       |       |       |       |       |       |     1 ||     1
Invok: Receive Corpses   |       |       |       |       |     2 |     8 |    10 ||    20
       Receive Necronomi |       |       |       |       |     1 |       |       ||     1
       Torment           |       |       |       |       |       |     1 |       ||     1
 Abil: Exsanguinate      |       |       |     1 |     2 |     1 |     1 |       ||     5
       Revivify          |       |       |     1 |     2 |     1 |     1 |       ||     5
       Bat Form          |       |       |     1 |       |       |       |       ||     1
       Evoke Invisibilit |       |       |       |       |     2 |    11 |     4 ||    17
       Evoke Berserk Rag |       |       |       |       |       |     3 |     2 ||     5
Evoke: Wand              |       |       |       |     8 |     2 |     3 |     1 ||    14
       Phantom mirror    |       |       |       |       |       |     1 |       ||     1
  Use: Scroll            |       |    10 |     4 |    19 |     3 |     2 |    12 ||    50
       Potion            |       |       |       |     1 |     1 |     5 |     6 ||    13
 Stab: Sleeping          |    15 |    11 |    20 |    18 |    86 |    36 |    12 ||   198
       Distracted        |       |     1 |     2 |     5 |     6 |    27 |    18 ||    59
       Petrifying        |       |       |       |       |     4 |       |     1 ||     5
       Invisible         |       |       |       |       |     2 |    63 |    12 ||    77
       Confused          |       |       |       |       |       |     2 |       ||     2
       Petrified         |       |       |       |       |       |       |    11 ||    11
Armor: Robe              |    14 |    32 |    27 |       |       |       |       ||    73
       Troll leather arm |       |       |    13 |    66 |       |       |       ||    79
       Ring mail         |       |       |       |    15 |   313 |   752 |   335 ||  1415
       Skin              |       |       |       |       |       |       |     1 ||     1
Dodge: Dodged            |    28 |    60 |    43 |   198 |   619 |  1278 |   503 ||  2729
